 Dungeon Crawl Stone Soup version 0.23-a0-130-g0e7800e (webtiles) character file.

28045 GrunderHorse the Tainter (level 13, -16/104 HPs)
             Began as a Formicid Venom Mage on Aug 27, 2018.
             Was a High Priest of Sif Muna.
             Demolished by a scimitar of holy wrath (17 damage)
             ... on level 1 of the Elven Halls.
             The game lasted 00:56:55 (19936 turns).

GrunderHorse the Tainter (Formicid Venom Mage)     Turns: 19936, Time: 00:56:55

Health: -16/104    AC:  6    Str: 11    XL:     13   Next: 70%
Magic:  27/27      EV: 15    Int: 18    God:    Sif Muna [*****.]
Gold:   83         SH:  0    Dex: 11    Spells: 6/33 levels left

rFire    . . .     SeeInvis +   q - +6 mace of Ulozemus {flame, rPois rN++ Str-4 SInv}
rCold    + . .     Gourm    .   (no shield)
rNeg     + + .     Faith    +   n - +2 robe {rC+}
rPois    +         Spirit   .   (helmet unavailable)
rElec    .         Reflect  .   u - scarf {repulsion}
rCorr    .         Harm     .   (no gloves)
MR       .....                  e - +1 pair of boots
Stlth    ++........             s - amulet of faith
HPRegen  0.27/turn              (no ring)
MPRegen  0.20/turn              (no ring)

@: vulnerable, flying, studying Conjurations, repel missiles
A: permanent stasis, dig shafts and tunnels, four strong arms, antennae 3
a: Dig, Shaft Self, Divine Energy, Channel Magic, Forget Spell, Renounce
Religion


You were on level 1 of the Elven Halls.
You worshipped Sif Muna.
Sif Muna was extremely pleased with you.
You were not hungry.

You visited 4 branches of the dungeon, and saw 13 of its levels.
You also visited: Sewer.

You collected 1836 gold pieces.
You spent 1753 gold pieces at shops.

Inventory:

Hand Weapons
 g - a cursed -3 dagger
 q - the +6 mace of Ulozemus (weapon) {flame, rPois rN++ Str-4 SInv}
   (You bought it in a shop on level 8 of the Dungeon)

   It has been specially enchanted to burn those struck by it, causing extra
   injury to most foes and up to half again as much damage against particularly
   susceptible opponents.
   It affects your strength (-4).
   It protects you from poison.
   It greatly protects you from negative energy.
   It lets you see invisible.
Missiles
 t - 2 curare-tipped needles
 z - 4 steel tomahawks (quivered)
 G - 10 javelins
 I - a javelin of penetration
Armour
 e - a +1 pair of boots (worn)
 h - a +0 robe of positive energy
 n - a +2 robe of cold resistance (worn)
 u - a scarf of repulsion (worn)
 B - a +0 shield
Jewellery
 k - an uncursed amulet of guardian spirit
 s - an amulet of faith (around neck)
 v - an uncursed amulet of the acrobat
Wands
 y - a wand of paralysis (27)
Scrolls
 b - 3 scrolls of magic mapping
 d - 6 scrolls of identify
 f - 5 scrolls of remove curse
 j - a scroll of enchant weapon
 D - a scroll of fog
Potions
 l - 2 potions of flight
 p - a potion of brilliance {unknown}
 r - 2 potions of lignification {unknown}
 w - a potion of magic {unknown}
 x - 4 potions of curing
 A - a potion of berserk rage {unknown}
 E - a potion of mutation {unknown}
 J - 2 potions of agility {unknown}
Books
 a - a manual of Conjurations
Comestibles
 c - 12 rations
 i - 3 chunks of flesh


   Skills:
 - Level 10.3 Fighting
 - Level 6.1 Dodging
 - Level 2.4 Stealth
 + Level 10.5 Spellcasting
 + Level 10.5 Conjurations
 - Level 11.1 Earth Magic
 - Level 12.0 Poison Magic


You had 6 spell levels left.
You knew the following spells:

 Your Spells              Type           Power        Failure   Level  Hunger
a - Poisonous Vapours     Pois/Air       ####..       1%          2    None
b - Olgreb's Toxic Radia  Pois           ######..     1%          4    ###....
c - Mephitic Cloud        Conj/Pois/Air  #####...     1%          3    None
d - Ignite Poison         Fire/Tmut/Pois ###.....     4%          3    None
e - Sting                 Conj/Pois      ####         1%          1    None
f - Venom Bolt            Conj/Pois      ######....   1%          5    #####..
g - Iskenderun's Mystic   Conj           #####...     1%          4    ###....
h - Bolt of Magma         Conj/Fire/Erth #####.....   11%         5    #####..

Your spell library contained the following spells:

 Spells                   Type           Power        Failure   Level  Hunger
 Dazzling Spray           Conj/Hex       ####..       2%          3    None
 Static Discharge         Conj/Air       ####....     2%          3    None
 Summon Small Mammal      Summ           #...         8%          1    None
 Leda's Liquefaction      Hex/Erth       ####......   8%          4    ###....
 Call Imp                 Summ           #.......     12%         2    None
 Iron Shot                Conj/Erth      #####.....   13%         6    ######.
 Call Canine Familiar     Summ           #.......     22%         3    None
 Gell's Gravitas          Tloc           #.........   22%         3    None
 Ozocubu's Armour         Chrm/Ice       #.......     22%         3    None
 Spectral Weapon          Hex/Chrm       #.......     22%         3    None
 Summon Guardian Golem    Hex/Summ       #.......     22%         3    None
 Summon Ice Beast         Ice/Summ       #.......     58%         4    ###....
 Summon Lightning Spire   Summ/Air       #.......     58%         4    ###....
 Statue Form              Tmut/Erth      ####.....    75%         6    ######.
 Shatter                  Erth           #####.....   100%        9    #######


Dungeon Overview and Level Annotations

Branches:
Dungeon (9/15)             Temple (0/1) D:4            Lair (1/6) D:8
    Orc (2/2) D:9             Elf (1/3) Orc:2

Altars:
Gozag
Ru
Sif Muna
Vehumet
The Shining One
Beogh

Shops:
D:4 !   D:7 (   D:8 :*   D:9 (   Orc:2 }[:=[


Innate Abilities, Weirdness & Mutations

You cannot be hasted, slowed, berserked, paralysed or teleported.
You can dig through walls and to a lower floor.
Your four strong arms can wield two-handed weapons with a shield.
You have a pair of large antennae on your head. (SInv)


Message History

You feel better. The scimitar of holy wrath hits you!
It was a potion of flight.
You feel very buoyant.
You fly up into the air.
The scimitar of holy wrath hits you!
It was a potion of heal wounds.
You feel much better. The scimitar of holy wrath hits you!!
The scimitar of holy wrath hits you!
* * * LOW HITPOINT WARNING * * *
You feel much better. The scimitar of holy wrath hits you!!
* * * LOW HITPOINT WARNING * * *
You feel much better. The scimitar of holy wrath hits you.
You barely miss the scimitar of holy wrath.
The scimitar of holy wrath hits you!! x2
* * * LOW HITPOINT WARNING * * *
There is an open door, spattered with blood here.
The scimitar of holy wrath hits you!
* * * LOW HITPOINT WARNING * * *
Unknown command.
Are you sure you want to shaft yourself?
You feel quite a bit more hungry. The scimitar of holy wrath hits you!
You die...

##...## #####.####
##.....## ##.##.#
##.......####...#.#
###.........##....(.#
.'.........'.......#
#.........##.....##
#.......####...##
##.....## ##.##
##.@.## #.# ##(## #.#
## #.# #.# ... ###
#.# #.# #... .. ##.##
#.# #...#.##...# #.#
#....#).#..# #.#
#......###....
#....##.#.#####


You could see a scimitar of holy wrath.

Vanquished Creatures
  A deep elf elementalist (Elf:1)
  Harold (D:8)
  8 two-headed ogres (Orc:2)
  2 ogre magi (Orc:2)
  3 orc high priests
  Urug (Orc:1)
  2 deep trolls (Orc:2)
  Pikel (D:7)
  An orc knight (Orc:2)
  4 orc sorcerers
  6 deep elf magi (Elf:1)
  3 cyclopes (Orc:2)
  Maurice (Orc:1)
  9 trolls
  Grinder (D:6)
  Prince Ribbit (D:7)
  Eustachio (D:5)
  A human (shapeshifter) (Elf:1)
  Grum (D:9)
  Menkaure (D:7)
  A hungry ghost (D:9)
  A warg (Orc:1)
  Purgy (Sewer)
  An ice beast (D:5)
  22 orc warriors
  A phantom (D:5)
  A slave (D:7)
  3 wolves (D:9)
  28 ogres
  A centaur (D:6)
  Blork the orc (D:3)
  5 bullfrogs
  4 wights
  6 killer bees (D:8)
  An electric eel (D:8)
  4 howler monkeys
  A crimson imp (D:6)
  A quasit (D:8)
  A jelly (D:9)
  8 orc wizards
  13 orc priests
  6 hounds
  3 iguanas
  2 bullfrog skeletons
  4 worker ants
  A hound zombie (D:9)
  7 gnolls
  6 adders
  3 river rats (D:5)
  2 shadow imps
  An adder skeleton (D:4)
  5 worms
  2 dart slugs
  11 leopard geckos
  62 orcs
  12 bats
  8 giant cockroaches
  15 goblins
  3 hobgoblins
  6 jackals
  4 kobolds
  3 quokkas
  4 ball pythons
  4 frilled lizards
  A quokka skeleton (D:8)
  9 rats
338 creatures vanquished.

Vanquished Creatures (others)
  A slave (D:7)
  2 fungi (D:8)
  8 plants (D:8)
11 creatures vanquished.

Grand Total: 349 creatures vanquished

Notes
Turn   | Place    | Note
-------+----------+-------------------------------------------
     0 | D:1      | GrunderHorse the Formicid Venom Mage began the quest for
                  | the Orb.
     0 | D:1      | Reached XP level 1. HP: 13/13 MP: 3/3
    52 | D:1      | Reached skill level 1 in Conjurations
   368 | D:1      | Reached XP level 2. HP: 12/19 MP: 3/5
   545 | D:1      | Learned a level 2 spell: Poisonous Vapours
  1108 | D:1      | Reached XP level 3. HP: 24/24 MP: 3/6
  2349 | D:2      | Reached XP level 4. HP: 30/30 MP: 5/8
  3169 | D:2      | Reached skill level 5 in Poison Magic
  4037 | D:3      | Noticed an ogre
  4064 | D:3      | Killed an ogre
  4064 | D:3      | Reached XP level 5. HP: 33/35 MP: 3/10
  4169 | D:3      | Noticed Blork the orc
  4201 | D:3      | Killed Blork the orc
  4201 | D:3      | Reached XP level 6. HP: 6/41 MP: 0/12
  4471 | D:3      | Found a deep blue altar of Sif Muna.
  4578 | D:3      | Became a worshipper of Sif Muna the Loreminder
  4666 | D:3      | Found a sacrificial altar of Ru.
  4722 | D:4      | Noticed an ogre
  4748 | D:4      | Reached skill level 6 in Poison Magic
  4751 | D:4      | Killed an ogre
  5039 | D:4      | Reached XP level 7. HP: 20/46 MP: 3/13
  5963 | D:4      | Learned a level 4 spell: Olgreb's Toxic Radiance
  6006 | D:4      | Found Fakk's Distillery.
  6215 | D:4      | Found a staircase to the Ecumenical Temple.
  6321 | D:5      | Entered Level 5 of the Dungeon
  6364 | D:5      | Reached * piety under Sif Muna
  6398 | D:5      | Reached skill level 5 in Spellcasting
  6398 | D:5      | Reached skill level 7 in Poison Magic
  6544 | D:5      | Found a glowing drain.
  6556 | D:5      | Reached XP level 8. HP: 47/52 MP: 10/15
  6575 | Sewer    | Entered a sewer
  6597 | Sewer    | Noticed Purgy
  6620 | Sewer    | Killed Purgy
  6976 | D:5      | Reached ** piety under Sif Muna
  6976 | D:5      | Reached skill level 8 in Poison Magic
  7260 | D:5      | Noticed Eustachio
  7286 | D:5      | Killed Eustachio
  7286 | D:5      | Reached skill level 5 in Conjurations
  7474 | D:6      | Learned a level 3 spell: Mephitic Cloud
  7643 | D:6      | Reached XP level 9. HP: 39/57 MP: 6/18
  7653 | D:6      | Reached skill level 9 in Poison Magic
  8105 | D:6      | Identified the Guide on Transmigration and Confrontation
  8111 | D:6      | Learned a level 3 spell: Ignite Poison
  8488 | D:6      | Noticed Grinder
  8497 | D:6      | Killed Grinder
  8497 | D:6      | Reached *** piety under Sif Muna
  8708 | D:7      | Noticed Menkaure
  8712 | D:7      | Killed Menkaure
  8713 | D:7      | Noticed Pikel
  8752 | D:7      | Killed Pikel
  8752 | D:7      | Reached skill level 10 in Poison Magic
  8968 | D:7      | Found a glowing golden altar of the Shining One.
  8968 | D:7      | Found a radiant altar of Vehumet.
  8969 | D:7      | Found an opulent altar of Gozag.
  9123 | D:7      | Noticed Prince Ribbit
  9283 | D:7      | Found Sysitt's Antique Weapon Boutique.
  9293 | D:7      | Learned a level 5 spell: Venom Bolt
  9569 | D:7      | Killed Prince Ribbit
  9569 | D:7      | Reached XP level 10. HP: 63/63 MP: 10/21
  9687 | D:8      | Reached **** piety under Sif Muna
 10030 | D:8      | Noticed Harold
 10047 | D:8      | Killed Harold
 10047 | D:8      | Reached skill level 11 in Poison Magic
 10497 | D:8      | Found a staircase to the Lair.
 10528 | D:8      | Found Aptewao's Assorted Antiques.
 10550 | D:8      | Bought a fine mace for 208 gold pieces
 10550 | D:8      | Identified the +6 mace of Ulozemus {flame, rPois rN++ Str-4
                  | SInv} (You bought it in a shop on level 8 of the Dungeon)
 11108 | D:8      | Found Qoliop's Book Boutique.
 11835 | D:9      | Noticed Grum
 11848 | D:9      | Killed Grum
 12164 | D:9      | Reached ***** piety under Sif Muna
 12164 | D:9      | Reached skill level 12 in Poison Magic
 12291 | D:9      | Reached skill level 1 in Fighting
 12700 | D:9      | Reached XP level 11. HP: 58/74 MP: 12/24
 13074 | D:9      | Found a staircase to the Orcish Mines.
 13084 | D:9      | Found a roughly hewn altar of Beogh.
 13215 | D:9      | Found Keru's Antique Weapon Shoppe.
 13548 | Orc:1    | Entered Level 1 of the Orcish Mines
 13549 | Orc:1    | Noticed an orc high priest
 13551 | Orc:1    | Reached skill level 5 in Fighting
 13554 | Orc:1    | Killed an orc high priest
 13758 | Orc:2    | Entered Level 2 of the Orcish Mines
 13758 | Orc:2    | Found a labyrinth entrance.
 13759 | Orc:2    | Found Gahec's Gadget Shoppe.
 13886 | Orc:2    | Found a staircase to the Elven Halls.
 14023 | Orc:2    | Noticed an orc high priest
 14030 | Orc:2    | Killed an orc high priest
 14156 | Orc:2    | Found a roughly hewn altar of Beogh.
 14353 | Orc:2    | Noticed an orc sorcerer
 14372 | Orc:2    | Killed an orc sorcerer
 14688 | Orc:2    | Noticed an ogre mage
 14693 | Orc:2    | Noticed a deep troll
 14894 | Orc:2    | Killed an ogre mage
 14894 | Orc:2    | Reached skill level 10 in Fighting
 15015 | Orc:2    | Noticed a cyclops
 15040 | Orc:2    | Killed a cyclops
 15040 | Orc:2    | Reached XP level 12. HP: 70/98 MP: 10/25
 15157 | Orc:2    | Noticed a two-headed ogre
 15489 | Orc:1    | Received a gift from Sif Muna
 15555 | Orc:1    | Found a roughly hewn altar of Beogh.
 15782 | Orc:1    | Noticed Maurice
 15785 | Orc:1    | Noticed Urug
 15788 | Orc:1    | Reached skill level 5 in Dodging
 16108 | Orc:1    | Killed Urug
 16475 | D:8      | Learned a level 4 spell: Iskenderun's Mystic Blast
 16481 | D:8      | Learned a level 5 spell: Bolt of Magma
 16592 | Orc:1    | Killed Maurice
 16961 | Orc:2    | Killed a two-headed ogre
 17171 | Orc:2    | Killed a deep troll
 17290 | Orc:2    | Reached skill level 5 in Earth Magic
 17419 | Orc:2    | Noticed a two-headed ogre
 17425 | Orc:2    | Killed a two-headed ogre
 17428 | Orc:2    | Noticed a two-headed ogre
 17428 | Orc:2    | Noticed a two-headed ogre
 17443 | Orc:2    | Killed a two-headed ogre
 17444 | Orc:2    | Killed a two-headed ogre
 17669 | Orc:2    | Noticed a two-headed ogre
 17700 | Orc:2    | Killed a two-headed ogre
 17959 | Orc:2    | Noticed a two-headed ogre
 17973 | Orc:2    | Killed a two-headed ogre
 17973 | Orc:2    | Reached XP level 13. HP: 104/104 MP: 14/26
 18171 | Orc:2    | Reached skill level 10 in Earth Magic
 18589 | Orc:2    | Found Oqit's Jewellery Shop.
 18593 | Orc:2    | Found Voastou's Antique Armour Boutique.
 18597 | Orc:2    | Found Tunieh's Armour Emporium.
 18606 | Orc:2    | Found Wasmupea's Book Shop.
 18632 | Orc:2    | Bought a manual of Conjurations for 1545 gold pieces
 18662 | Orc:2    | Identified Sif Muna's Thaumaturgy, Part Three (Sif Muna
                  | gifted it to you on level 2 of the Orcish Mines)
 18662 | Orc:2    | Received a gift from Sif Muna
 19531 | Lair:1   | Entered Level 1 of the Lair of Beasts
 19592 | Elf:1    | Entered Level 1 of the Elven Halls
 19595 | Elf:1    | Reached skill level 10 in Spellcasting
 19598 | Elf:1    | Reached skill level 10 in Conjurations
 19703 | Elf:1    | Noticed a deep elf elementalist
 19745 | Elf:1    | Killed a deep elf elementalist
 19935 | Elf:1    | HP: 1/104 [scimitar of holy wrath (11)]
 19936 | Elf:1    | Demolished by a scimitar of holy wrath

Vault maps used:
D:1:      onia_arrival_pentagram, minmay_pentomino_s2
D:2:      kennysheep_generic_room_8
D:3:      tgw_sif, nicolae_ru_the_path_less_chosen, minmay_ogre_servants
D:4:      minmay_temple_entry_hall, first_ration, serial_shops,
          nicolae_shop_trees
D:5:      portal_sewer_entry_c, uniq_eustachio
D:6:      minmay_lizard_king, uniq_grinder
D:7:      gammafunk_temple_overflow_claw, serial_shops, shop_statue,
          uniq_menkaure, uniq_prince_ribbit1, uniq_pikel
D:8:      dpeg_oklobed_lair, serial_shops,
          nicolae_shop_temple_entry_statues_fountains, kennysheep_mini_moat,
          serial_bayou_lagoon_b, uniq_harold
D:9:      minmay_goldmine, minmay_orc_entry_temple_small, serial_shops, shop,
          uniq_grum
Lair:1:   portal_ice_cave_entry_pillars_1, infiniplex_staircase_pool,
          grunt_megastairs_3, serial_bayou_shore_b, lemuel_fruit_tree,
          uniq_fannar
Orc:1:    mines2_david, uniq_maurice, uniq_urug
Orc:2:    st_orc_open, basic_altar, lab_entry_generic, serial_shops,
          shop_fountains
Elf:1:    minmay_elf_arrival_circle, serial_shops, shop, shop,
          nicolae_shop_temple_entry_statues_fountains,
          minmay_elf_crystal_hexagon, uniq_azrael, uniq_agnes
Sewer:    sewer_big_baddie

Skill      XL: |  1  2  3  4  5  6  7  8  9 10 11 12 13 |
---------------+----------------------------------------+-----
Conjurations   | 1 2 3 4 5 6 8 10 | 10.5
Spellcasting   | 3 4 5 6 7 9 10 | 10.5
Poison Magic   | 5 6 7 8 10 12 | 12.0
Fighting       | 2 10 | 10.3
Dodging        | 3 6 |  6.1
Earth Magic    | 9 11 | 11.1
Stealth        | |  2.4

Action                   |  1- 3 |  4- 6 |  7- 9 | 10-12 | 13-15 || total
-------------------------+-------+-------+-------+-------+-------++-------
Melee: Unarmed           |    16 |       |       |       |       ||    16
       Whip              |    12 |    45 |    10 |       |       ||    67
       Dagger            |       |       |   152 |    19 |       ||   171
       Mace              |       |       |       |   154 |     4 ||   158
Throw: Javelin           |       |     7 |     9 |    28 |     4 ||    48
       Tomahawk          |       |     9 |       |     4 |       ||    13
       Throwing net      |       |       |       |     1 |     1 ||     2
 Cast: Sting             |    17 |     3 |     1 |       |       ||    21
       Poisonous Vapours |    32 |    37 |    33 |    56 |    21 ||   179
       Olgreb's Toxic Ra |       |       |    16 |    49 |     6 ||    71
       Mephitic Cloud    |       |       |     3 |    64 |    12 ||    79
       Ignite Poison     |       |       |     6 |    52 |    23 ||    81
       Venom Bolt        |       |       |       |     4 |       ||     4
Invok: Divine Energy     |       |       |       |     1 |       ||     1
       Stop Divine Energ |       |       |       |     1 |       ||     1
 Abil: Dig               |       |       |       |    16 |       ||    16
       Shaft Self        |       |       |       |       |     1 ||     1
Evoke: Wand              |       |       |    18 |     5 |       ||    23
  Use: Scroll            |       |     4 |       |    11 |     1 ||    16
       Potion            |       |       |       |       |     5 ||     5
 Stab: Sleeping          |     1 |     1 |     3 |     1 |       ||     6
       Confused          |       |       |     1 |     6 |       ||     7
       Paralysed         |       |       |       |     5 |       ||     5
  Eat: Chunk             |     7 |     5 |    12 |    18 |     6 ||    48
       Ration            |       |     1 |     2 |     8 |       ||    11
Armor: Robe              |    10 |    15 |    36 |    42 |     1 ||   104
Dodge: Dodged            |    35 |    42 |   122 |   215 |     8 ||   422
       Deflected         |       |       |     1 |     4 |     3 ||     8

Table legend:
 A = Non-vault XP
 B = Vault XP
 C = Vault XP percentage of total XP
 D = Non-vault monster count
 E = Vault monster count
 F = Vault count percentage of total count
                 A         B        C        D         E       F
            +---------+---------+-------+---------+---------+-------
      Total |   16572 |   23493 |  58.6 |     219 |     118 |  35.0
            +---------+---------+-------+---------+---------+-------
        D:1 |      41 |       3 |   6.8 |      25 |       2 |   7.4
        D:2 |      53 |       0 |   0.0 |      18 |       0 |   0.0
        D:3 |      20 |     222 |  91.7 |      10 |      10 |  50.0
        D:4 |     402 |       0 |   0.0 |      23 |       0 |   0.0
        D:5 |     580 |     263 |  31.2 |      14 |       7 |  33.3
        D:6 |     687 |     350 |  33.8 |      16 |      13 |  44.8
        D:7 |     314 |    1027 |  76.6 |       7 |       3 |  30.0
        D:8 |    1363 |    1002 |  42.4 |      27 |       1 |   3.6
        D:9 |    1032 |    1258 |  54.9 |      22 |      23 |  51.1
      Orc:1 |    2871 |    1892 |  39.7 |      19 |      13 |  40.6
      Orc:2 |    6311 |   15061 |  70.5 |      34 |      36 |  51.4
      Elf:1 |    2898 |    2275 |  44.0 |       4 |       4 |  50.0
      Sewer |       0 |     140 | 100.0 |       0 |       6 | 100.0
            +---------+---------+-------+---------+---------+-------
